 Dungeon Crawl Stone Soup version 0.30-a0-305-g026cb31310 (webtiles) character file.

Game seed: 1598337336116365166

61 koil the Sneak (level 3, 0/18 HPs)
             Began as a Spriggan Brigand on Oct 22, 2022.
             Slain by a bat (1 damage)
             ... on level 2 of the Dungeon.
             The game lasted 00:02:41 (1227 turns).

koil the Sneak (Spriggan Brigand)                   Turns: 1227, Time: 00:02:41

Health: 0/18       AC:  3    Str:  7    XL:     3   Next: 83%
Magic:  6/6        EV: 17    Int: 14    God:
Gold:   90         SH:  5    Dex: 16    Spells: 5/5 levels left

rFire   . . .      SeeInvis +    a - +2 dagger
rCold   . . .      Faith    .    (no shield)
rNeg    . . .      Spirit   .    b - +0 robe
rPois   .          Reflect  +    (helmet restricted)
rElec   .          Harm     .    c - +0 cloak
rCorr   .          Rampage  .    (gloves unavailable)
Will    .....                    (boots unavailable)
Stlth   +++.......               m - amulet of reflection
HPRegen 0.23/turn                (no ring)
MPRegen 0.10/turn                (no ring)

@: very quick
A: very small, no large weapons, unfitting armour, see invisible, speed 3
a: no special abilities


You were on level 2 of the Dungeon.
You visited 1 branch of the dungeon, and saw 2 of its levels.

You collected 90 gold pieces.

Inventory:

Hand Weapons
 a - a +2 dagger (weapon)
Missiles
 d - 7 poisoned darts (quivered)
 e - 3 curare-tipped darts
Armour
 b - a +0 robe (worn)
 c - a +0 cloak (worn)
Jewellery
 m - an amulet of reflection (around neck)
Scrolls
 h - 2 scrolls of identify {unknown}
 i - a scroll of blinking {unknown}
 j - a scroll of immolation {unknown}
 l - 2 scrolls of teleportation {unknown}
Potions
 f - a potion of resistance {unknown}
 g - 4 potions of curing {unknown}
 k - 2 potions of lignification {unknown}


   Skills:
 + Level 2.1 Fighting
 + Level 2.8 Short Blades
 - Level 2.0 Throwing
 + Level 2.5 Dodging
 + Level 6.4 Stealth
 + Level 1.6 Spellcasting


You had 5 spell levels left.
You didn't know any spells.
Your spell library contained the following spells:

 Spells                   Type           Power      Damage    Failure   Level
 Apportation              Tloc           2%         N/A       26%         1
 Alistair's Intoxication  Tmut/Pois      0%         N/A       100%        5


Dungeon Overview and Level Annotations

Branches:
Dungeon (2/15)

Altars:


Innate Abilities, Weirdness & Mutations

You are very small and have problems with some larger weapons.
You are too small for most types of armour.
You have supernaturally acute eyesight. (SInv)
You cover ground extremely quickly. (Speed+++)


Message History

You block the gnoll's attack.
The gnoll hits the plant with a +0 spear!
The gnoll misses you.
You hit the gnoll.
The gnoll is severely wounded.
A nearby plant withers and dies. x2; The bat hits the plant.
The gnoll misses you. The gnoll closely misses you.
The gnoll hits the plant with a +0 spear.
You hit the gnoll.
You kill the gnoll!
The bat hits the plant. x2; The plant begins to die.
The gnoll hits the plant with a +0 spear.
The gnoll hits you from afar with a +0 spear!
The gnoll hits you from afar with a +0 halberd.
* * * LOW HITPOINT WARNING * * *
The bat hits the plant.
A nearby plant withers and dies.
The bat hits the plant.
The plant begins to die.
Throw: 9 darts (poison)
Press: ? - help, Q - select action, (/) - cycle Shift-Dir - straight line, f - gnoll
Aim: a gnoll, wielding a +0 halberd (65% to hit)
You throw a poisoned dart.
The poisoned dart closely misses the gnoll.
The poisoned dart hits the plant.
The plant is lightly damaged.
The bat hits the plant. x2
Throw: 8 darts (poison)
Press: ? - help, Q - select action, (/) - cycle Shift-Dir - straight line, f/p - gnoll
Aim: a gnoll, wielding a +0 halberd (65% to hit)
You throw a poisoned dart. The poisoned dart hits the gnoll.
The gnoll is poisoned.
A nearby plant withers and dies.
You barely miss the bat. The bat hits you but does no damage.
The bat misses you.
You hit the bat but do no damage. The bat misses you.
The bat closely misses you.
The gnoll hits you from afar with a +0 spear.
* * * LOW HITPOINT WARNING * * *
The bat hits you.
You die...

#.# #.########
#.# #.....†...
#.# ########..
#.# #.# #.# #.#
#.# ### #.#
#.########
###... #.#
#........#
#...... ...
########@#
...#... ### #b##
##.......
#.#.###..PP.PP.
[.###gg.gg(...PP
###
#.###.P.....P
#.# #)......P #.
.....PP.P #
#...P...P.
#....P.PP.


You could see a gnoll and a bat.

Vanquished Creatures
  A gnoll (D:2)
  3 ball pythons (D:1)
  5 endoplasms
  4 giant cockroaches
  5 goblins
  4 hobgoblins (D:1)
  4 jackals (D:1)
  4 quokkas
  4 bats
  4 kobolds
  4 rats (D:1)
42 creatures vanquished.

Vanquished Creatures (others)
  5 plants (D:2)
5 creatures vanquished.

Grand Total: 47 creatures vanquished

Notes
Turn   | Place    | Note
-------+----------+-------------------------------------------
     0 | D:1      | koil the Spriggan Brigand began the quest for the Orb.
     0 | D:1      | Reached XP level 1. HP: 10/10 MP: 2/2
   122 | D:1      | Reached skill level 6 in Stealth
   129 | D:1      | Reached XP level 2. HP: 15/15 MP: 2/4
   194 | D:1      | Reached skill level 1 in Spellcasting
   550 | D:1      | Reached XP level 3. HP: 18/18 MP: 5/5
  1227 | D:2      | Slain by a bat

Illustrated notes

Levels and vault maps discovered:
D:1:      minmay_arrival_plants_in_alcoves, layout_basic, feat_on_display
D:2:      layout_loops_ring, nicolae_grassy_gnolls

Skill      XL: |  1  2  3 |
---------------+----------+-----
Stealth        | 6 |  6.4
Spellcasting   | 1 |  1.6
Dodging        | 2 |  2.5
Fighting       | 2 |  2.1
Short Blades   | |  2.8
Throwing       | |  2.0

Action                   || total
-------------------------++-------
Melee: Dagger            ||   118
       Punch             ||     1
Throw: Dart              ||     2
 Stab: Sleeping          ||    12
Armor: Robe              ||    10
Dodge: Dodged            ||    71
Block: Other             ||     8

Table legend: (Time is in decaauts)
 A = Elapsed time spent in this place.
 B = Non-inter-level travel time spent in this place.
 C = Inter-level travel time spent in this place.
 D = Time resting spent in this place.
 E = Time spent auto-exploring this place.
 F = Levels seen in this place.
 G = Mean time per level.
                   A        B        C        D        E       F      G
               +--------+--------+--------+--------+--------+-----+--------+
         Total |    847 |    845 |      2 |      0 |    609 |   2 |  423.5 |
       Dungeon |    847 |    845 |      2 |      0 |    609 |   2 |  423.5 |
               +--------+--------+--------+--------+--------+-----+--------+

Top non-repeatable levels by time:
     D:1: 725 daAuts
     D:2: 122 daAuts
